SA-
QUEBEC CITY BABY BLUES @ MEMPHIS MUSIC
08/09/2054
 
TOP OF THE 1ST
Quebec City Baby Blues batting - Pitching for Memphis Music : RHP Akil bin Abbud
Pitching: RHP Akil bin Abbud
Batting: RHB Miguel Angel Flores 0-0: Called Strike
0-1: Called Strike
0-2: Strikes out looking
Batting: RHB Alfonso Gómez 0-0: Ball
1-0: Ball
2-0: Called Strike
2-1: Foul Ball, location: 2F
2-2: Ball
3-2: Strikes out swinging
Batting: LHB Carlos Torres 0-0: Ball
1-0: Swinging Strike
1-1: Foul Ball, location: 2F
1-2: Strikes out swinging
Top of the 1st over - 0 runs, 0 hits, 0 errors, 0 left on base; Quebec City 0 - Memphis 0
BOTTOM OF THE 1ST
Memphis Music batting - Pitching for Quebec City Baby Blues : LHP Reginald Helms
Pitching: LHP Reginald Helms
Batting: RHB Alonso Acosta 0-0: Foul Ball, location: 2F
0-1: Ball
1-1: Swinging Strike
1-2: Strikes out swinging
Batting: RHB Tom Burke 0-0: Called Strike
0-1: Swinging Strike
0-2: Ball
1-2: Fly out, F9 (Flyball, 89M, EV 91.9 MPH)
Batting: LHB Arnie Lowe 0-0: Called Strike
0-1: Ball
1-1: Foul Ball, location: 2F
1-2: Ball
2-2: Ball
3-2: Fly out, F8 (Flyball, 8LM, EV 90.0 MPH)
Bottom of the 1st over - 0 runs, 0 hits, 0 errors, 0 left on base; Quebec City 0 - Memphis 0
TOP OF THE 2ND
Quebec City Baby Blues batting - Pitching for Memphis Music : RHP Akil bin Abbud
Batting: LHB Germán García 0-0: Ball
1-0: Ball
2-0: Ball
3-0: Base on Balls
Batting: LHB Jorge Trevino 0-0: Swinging Strike
0-1: Called Strike
0-2: Ball
1-2: Foul Ball, location: 2F
1-2: Ball
2-2: Strikes out swinging
Batting: RHB Zenon-Alejandro Palomares 0-0: Foul Ball, location: 2F
0-1: Ball
1-1: Called Strike
Germán García steals 2nd base
1-2: Fly out, F9 (Flyball, 9LM, EV 102.5 MPH)
Runner from 2nd tags up, SAFE at 3rd, no throw by RF
Batting: RHB Wilson Ortíz 0-0: Ball
1-0: Ball
2-0: Ball
3-0: Called Strike
3-1: Base on Balls
Batting: RHB António Muñóz 0-0: Ground out 1-3 (Groundball, P, EV 63.8 MPH)
Top of the 2nd over - 0 runs, 0 hits, 0 errors, 2 left on base; Quebec City 0 - Memphis 0
BOTTOM OF THE 2ND
Memphis Music batting - Pitching for Quebec City Baby Blues : LHP Reginald Helms
Batting: RHB Martin Sweetman 0-0: Called Strike
0-1: Swinging Strike
0-2: Ball
1-2: Strikes out swinging
Batting: RHB Michael Austin 0-0: Ball
1-0: Foul Ball, location: 2F
1-1: Ball
2-1: Called Strike
2-2: Foul Ball, location: 2F
2-2: Ball
3-2: Base on Balls
Batting: RHB Dustin Wallace 0-0: Foul Ball, location: 2F
0-1: Ball
1-1: Ball
2-1: Foul Ball, location: 2F
2-2: Ball
3-2: Strikes out swinging
Batting: RHB Rich Martin 0-0: Ball
1-0: Called Strike
1-1: Fly out, F9 (Flyball, 9, EV 93.1 MPH)
Bottom of the 2nd over - 0 runs, 0 hits, 0 errors, 1 left on base; Quebec City 0 - Memphis 0
TOP OF THE 3RD
Quebec City Baby Blues batting - Pitching for Memphis Music : RHP Akil bin Abbud
Batting: RHB António Villa 0-0: SINGLE (Groundball, 6MD, EV 103.8 MPH)
Batting: RHB Miguel Angel Flores 0-0: Foul Ball, location: 2F
0-1: Ball
1-1: Swinging Strike
1-2: Ball
2-2: Strikes out swinging
Batting: RHB Alfonso Gómez 0-0: Ball
1-0: Fielders Choice at 2nd, 3-6 (Groundball, 3, EV 83.8 MPH)
Batting: LHB Carlos Torres 0-0: Called Strike
0-1: Ball
1-1: Swinging Strike
1-2: Ball
2-2: Strikes out swinging
Top of the 3rd over - 0 runs, 1 hit, 0 errors, 1 left on base; Quebec City 0 - Memphis 0
BOTTOM OF THE 3RD
Memphis Music batting - Pitching for Quebec City Baby Blues : LHP Reginald Helms
Batting: SHB Martinho Vido 0-0: Ground out 4-3 (Groundball, 4, EV 93.8 MPH)
Batting: RHB Luis Marrero 0-0: Called Strike
0-1: Ball
1-1: Swinging Strike
1-2: Foul Ball, location: 2F
1-2: Ball
2-2: Foul Ball, location: 2F
2-2: Foul Ball, location: 2F
2-2: SINGLE (Groundball, 56, EV 76.2 MPH) (infield hit)
Batting: RHB Alonso Acosta 0-0: Ball
1-0: Fly out, F9 (Flyball, 9LD, EV 103.1 MPH)
Batting: RHB Tom Burke 0-0: Fly out, F7 (Flyball, 7, EV 87.5 MPH)
Bottom of the 3rd over - 0 runs, 1 hit, 0 errors, 1 left on base; Quebec City 0 - Memphis 0
TOP OF THE 4TH
Quebec City Baby Blues batting - Pitching for Memphis Music : RHP Akil bin Abbud
Batting: LHB Germán García 0-0: Ball
1-0: Called Strike
1-1: Ball
2-1: Ball
3-1: Called Strike
3-2: Foul Ball, location: 2F
3-2: Base on Balls
Batting: LHB Jorge Trevino 0-0: Ball
1-0: Ball
2-0: Called Strike
2-1: Fielders Choice at 2nd, 3-6 (Groundball, 3, EV 81.2 MPH)
Batting: RHB Zenon-Alejandro Palomares 0-0: Ball
1-0: Called Strike
1-1: Foul Ball, location: 2F
1-2: Strikes out looking
Batting: RHB Wilson Ortíz 0-0: Called Strike
Jorge Trevino steals 2nd base
0-1: Ball
1-1: Called Strike
1-2: Foul Ball, location: 2F
1-2: Foul Ball, location: 2F
1-2: Strikes out swinging
Top of the 4th over - 0 runs, 0 hits, 0 errors, 1 left on base; Quebec City 0 - Memphis 0
BOTTOM OF THE 4TH
Memphis Music batting - Pitching for Quebec City Baby Blues : LHP Reginald Helms
Batting: LHB Arnie Lowe 0-0: Called Strike
0-1: SINGLE (Flyball, 56D, EV 89.4 MPH)
Batting: RHB Martin Sweetman 0-0: Ball
1-0: Ball
2-0: Foul Ball, location: 2F
2-1: SINGLE (Groundball, 6MD, EV 108.1 MPH)
Arnie Lowe to second
Runner from 2nd tries for 3rd, OUT! 8-5
Batting: RHB Michael Austin 0-0: Ball
1-0: Ball
2-0: Called Strike
2-1: Called Strike
2-2: Ball
3-2: Foul Ball, location: 2F
3-2: Foul Ball, location: 2F
3-2: Base on Balls
Martin Sweetman to second
Batting: RHB Dustin Wallace 0-0: Ball
1-0: Ball
2-0: Called Strike
2-1: Ball
3-1: Base on Balls
Martin Sweetman to third
Michael Austin to second
Batting: RHB Rich Martin 0-0: Ball
1-0: Ball
2-0: Foul Ball, location: 2F
2-1: Foul Ball, location: 2F
2-2: Foul Ball, location: 2F
2-2: Foul Ball, location: 2F
2-2: Fly out, F9 (Flyball, 9D, EV 88.8 MPH)
Runner from 3rd tags up, SCORES, throw by RF
Michael Austin to third
Batting: SHB Martinho Vido 0-0: Hit by Pitch
Dustin Wallace to second
Batting: RHB Luis Marrero 0-0: Ball
1-0: Ball
2-0: Called Strike
2-1: Foul Ball, location: 2F
2-2: Ball
3-2: Ground out 4-3 (Groundball, 4, EV 85.0 MPH)
Bottom of the 4th over - 1 run, 2 hits, 0 errors, 3 left on base; Quebec City 0 - Memphis 1
TOP OF THE 5TH
Quebec City Baby Blues batting - Pitching for Memphis Music : RHP Akil bin Abbud
Batting: RHB António Muñóz 0-0: Ball
1-0: Foul Ball, location: 2F
1-1: Called Strike
1-2: Ball
2-2: Foul Ball, location: 2F
2-2: Strikes out looking
Batting: RHB António Villa 0-0: Called Strike
0-1: Called Strike
0-2: Ball
1-2: Strikes out looking
Batting: RHB Miguel Angel Flores 0-0: Foul Ball, location: 2F
0-1: Ball
1-1: SINGLE (Flyball, 8RS, EV 98.1 MPH)
Batting: RHB Alfonso Gómez 0-0: Ball
1-0: Swinging Strike
1-1: DOUBLE (Line Drive, 7LM, EV 103.8 MPH)
Miguel Angel Flores to third
Runner from 3rd tries for Home, SAFE, throw by LF to home
Batting: LHB Carlos Torres 0-0: Called Strike
0-1: Ball
1-1: Swinging Strike
1-2: Ground out 6-3 (Groundball, 6, EV 101.2 MPH)
Top of the 5th over - 1 run, 2 hits, 0 errors, 1 left on base; Quebec City 1 - Memphis 1
BOTTOM OF THE 5TH
Memphis Music batting - Pitching for Quebec City Baby Blues : LHP Reginald Helms
Batting: RHB Alonso Acosta 0-0: Ball
1-0: Swinging Strike
1-1: Foul Ball, location: 2F
1-2: Strikes out swinging
Batting: RHB Tom Burke 0-0: Ball
1-0: Foul Ball, location: 2F
1-1: Called Strike
1-2: Strikes out looking
Batting: LHB Arnie Lowe 0-0: Called Strike
0-1: Ball
1-1: Foul Ball, location: 2F
1-2: Strikes out looking
Bottom of the 5th over - 0 runs, 0 hits, 0 errors, 0 left on base; Quebec City 1 - Memphis 1
TOP OF THE 6TH
Quebec City Baby Blues batting - Pitching for Memphis Music : RHP Akil bin Abbud
Pitching: RHP Lex Boon
Batting: LHB Germán García 0-0: Ball
1-0: Ball
2-0: Swinging Strike
2-1: Called Strike
2-2: Strikes out swinging
Batting: LHB Jorge Trevino 0-0: Ground out 6-3 (Groundball, 6M, EV 80.0 MPH)
Batting: RHB Zenon-Alejandro Palomares 0-0: Called Strike
0-1: Swinging Strike
0-2: Ball
1-2: Ball
2-2: Foul Ball, location: 2F
2-2: Fly out, F8 (Flyball, 89S, EV 85.0 MPH)
Top of the 6th over - 0 runs, 0 hits, 0 errors, 0 left on base; Quebec City 1 - Memphis 1
BOTTOM OF THE 6TH
Memphis Music batting - Pitching for Quebec City Baby Blues : LHP Reginald Helms
Batting: RHB Martin Sweetman 0-0: Ground out 6-3 (Groundball, 6, EV 85.0 MPH)
Batting: RHB Michael Austin 0-0: Ball
1-0: Swinging Strike
1-1: Called Strike
1-2: Ball
2-2: Strikes out swinging
Pitching: RHP Jorge Cortéz
Batting: RHB Dustin Wallace 0-0: Called Strike
0-1: Fly out, F7 (Flyball, 7D, EV 88.8 MPH)
Bottom of the 6th over - 0 runs, 0 hits, 0 errors, 0 left on base; Quebec City 1 - Memphis 1
TOP OF THE 7TH
Quebec City Baby Blues batting - Pitching for Memphis Music : RHP Lex Boon
Pinch Hitting: LHB Wally Britt 0-0: Foul Ball, location: 2F
0-1: Swinging Strike
0-2: Ball
1-2: Strikes out swinging
Batting: RHB Luis Cruz 0-0: Ball
1-0: Swinging Strike
1-1: Ground out 6-3 (Groundball, 6, EV 79.4 MPH)
Batting: RHB António Villa 0-0: Ball
1-0: Ball
2-0: Fly out, F7 (Flyball, 78M, EV 88.8 MPH)
Top of the 7th over - 0 runs, 0 hits, 0 errors, 0 left on base; Quebec City 1 - Memphis 1
BOTTOM OF THE 7TH
Memphis Music batting - Pitching for Quebec City Baby Blues : RHP Jorge Cortéz
Now at SS: Boyd Horne
Batting: RHB Rich Martin 0-0: Ball
1-0: Called Strike
1-1: Swinging Strike
1-2: Ball
2-2: SINGLE (Groundball, 6MS, EV 68.1 MPH) (infield hit)
Batting: SHB Martinho Vido 0-0: Sac Bunt to 13 - play at first, batter OUT! 1-3
Rich Martin to second
Batting: RHB Luis Marrero 0-0: Ground out 5-3 (Groundball, 56, EV 109.4 MPH)
Batting: RHB Alonso Acosta 0-0: Foul Ball, location: 2F
0-1: Ball
1-1: Ground out 6-3 (Groundball, 6, EV 105.6 MPH)
Bottom of the 7th over - 0 runs, 1 hit, 0 errors, 1 left on base; Quebec City 1 - Memphis 1
TOP OF THE 8TH
Quebec City Baby Blues batting - Pitching for Memphis Music : RHP Lex Boon
Batting: RHB Miguel Angel Flores 0-0: Ball
1-0: Ground out 4-3 (Groundball, 4, EV 81.9 MPH)
Batting: RHB Alfonso Gómez 0-0: Called Strike
0-1: Foul Ball, location: 2F
0-2: Strikes out looking
Batting: LHB Carlos Torres 0-0: Ball
1-0: Foul Ball, location: 2F
1-1: Ball
2-1: Foul Ball, location: 2F
2-2: Ball
3-2: Ground out 4-3 (Groundball, 4, EV 87.5 MPH)
Top of the 8th over - 0 runs, 0 hits, 0 errors, 0 left on base; Quebec City 1 - Memphis 1
BOTTOM OF THE 8TH
Memphis Music batting - Pitching for Quebec City Baby Blues : RHP Jorge Cortéz
Batting: RHB Tom Burke 0-0: Ball
1-0: Swinging Strike
1-1: Foul Ball, location: 2F
1-2: Ball
2-2: SOLO HOME RUN (Flyball, 89XD, EV 115.0 MPH), Distance : 455 ft
Batting: LHB Arnie Lowe 0-0: Called Strike
0-1: Swinging Strike
0-2: Ball
1-2: Ball
2-2: Strikes out swinging
Batting: RHB Martin Sweetman 0-0: Called Strike
0-1: Ball
1-1: Foul Ball, location: 2F
1-2: Strikes out looking
Batting: RHB Michael Austin 0-0: Ball
1-0: Swinging Strike
1-1: SINGLE (Groundball, 4MD, EV 98.8 MPH)
Batting: RHB Dustin Wallace 0-0: Ball
1-0: Called Strike
1-1: Foul Ball, location: 2F
1-2: Fly out, F9 (Flyball, 9LS, EV 75.0 MPH)
Bottom of the 8th over - 1 run, 2 hits, 0 errors, 1 left on base; Quebec City 1 - Memphis 2
TOP OF THE 9TH
Quebec City Baby Blues batting - Pitching for Memphis Music : RHP Lex Boon
Now in RF: Wen Xi
Batting: LHB Germán García 0-0: SINGLE (Line Drive, 7LS, EV 95.0 MPH)
Pinch Hitting: LHB Terry Reed 0-0: Foul Ball, location: 2F
0-1: Foul Ball, location: 2F
0-2: Ball
1-2: Strikes out swinging
Pinch Hitting: RHB Sen Otsuka 0-0: Fly out, F3 (Popup, 3S, EV 86.9 MPH)
Pinch Hitting: RHB Jacob Pierce 0-0: Ball
1-0: Foul Ball, location: 2F
1-1: SINGLE (Flyball, 4D, EV 91.2 MPH)
Germán García to second
Runner from 2nd tries for 3rd, SAFE, no throw by RF
Batting: RHB Luis Cruz 0-0: SINGLE (Groundball, 34D, EV 107.5 MPH)
Germán García scores
Jacob Pierce to second
Runner from 2nd tries for 3rd, OUT! 9-5
Top of the 9th over - 1 run, 3 hits, 0 errors, 1 left on base; Quebec City 2 - Memphis 2
BOTTOM OF THE 9TH
Memphis Music batting - Pitching for Quebec City Baby Blues : RHP Jorge Cortéz
Pitching: RHP Juan Sánchez
Now at 3B: Grigorii Gabbe
Now at SS: Sen Otsuka
Now in LF: Terry Reed
Pinch Hitting: LHB Felipe Delgado 0-0: Ball
1-0: Ground out 4-3 (Groundball, 4, EV 83.8 MPH)
Pinch Hitting: RHB Salvador Chávez 0-0: Ball
1-0: Swinging Strike
1-1: Ball
2-1: Ball
3-1: SINGLE (Line Drive, 8RS, EV 92.5 MPH)
Batting: RHB Luis Marrero 0-0: Called Strike
0-1: Ball
1-1: Called Strike
1-2: Strikes out swinging
Batting: RHB Alonso Acosta 0-0: Ball
1-0: Called Strike
1-1: Ball
2-1: Ball
3-1: Base on Balls
Salvador Chávez to second
Pinch Hitting: LHB Eduardo Mendoza 0-0: Ball
1-0: Ball
2-0: Foul Ball, location: 2F
2-1: Foul Ball, location: 2F
2-2: Ball
3-2: Fly out, F7 (Flyball, 7, EV 85.0 MPH)
Bottom of the 9th over - 0 runs, 1 hit, 0 errors, 2 left on base; Quebec City 2 - Memphis 2
TOP OF THE 10TH
Quebec City Baby Blues batting - Pitching for Memphis Music : RHP Lex Boon
Now in LF: Gilbert Guy
Now in CF: José Dalumba
Now in RF: Eduardo Mendoza
Pinch Hitting: RHB Ted Goderie 0-0: Called Strike
0-1: Foul Ball, location: 2F
0-2: Ball
1-2: Ball
2-2: SOLO HOME RUN (Flyball, 7LD, EV 98.8 MPH), Distance : 375 ft
Batting: RHB Miguel Angel Flores 0-0: Ball
1-0: Called Strike
1-1: Foul Ball, location: 2F
1-2: Strikes out swinging
Batting: RHB Alfonso Gómez 0-0: Fly out, F8 (Flyball, 8LD, EV 104.4 MPH)
Batting: LHB Carlos Torres 0-0: Called Strike
0-1: Ball
1-1: Foul Ball, location: 2F
1-2: Ball
2-2: Foul Ball, location: 2F
2-2: Ball
3-2: SINGLE (Line Drive, 4M, EV 106.2 MPH)
Pitching: LHP Martin Lewis
Batting: LHB Germán García 0-0: Ball
1-0: Ball
2-0: Called Strike
2-1: Ball
3-1: Base on Balls
Carlos Torres to second
Batting: LHB Terry Reed 0-0: Ball
1-0: Ground out 3-1 (Groundball, 34S, EV 81.2 MPH)
Top of the 10th over - 1 run, 2 hits, 0 errors, 2 left on base; Quebec City 3 - Memphis 2
BOTTOM OF THE 10TH
Memphis Music batting - Pitching for Quebec City Baby Blues : RHP Juan Sánchez
Pitching: RHP Jesús Cardenas
Now at C: Arend de Wit
Batting: LHB Arnie Lowe 0-0: Ball
1-0: Ball
2-0: Ball
3-0: Base on Balls
Batting: RHB Martin Sweetman 0-0: Called Strike
0-1: Swinging Strike
0-2: Foul Ball, location: 2F
0-2: Foul Ball, location: 2F
0-2: Strikes out looking
Batting: RHB Michael Austin 0-0: Called Strike
0-1: Called Strike
0-2: Ball
1-2: Foul Ball, location: 2F
1-2: Ball
2-2: Strikes out swinging
Batting: RHB Dustin Wallace 0-0: Ball
Wild Pitch!
Arnie Lowe to second
1-0: Ball
2-0: Foul Ball, location: 2F
2-1: Foul Ball, location: 2F
2-2: Fly out, F7 (Flyball, 7S, EV 91.9 MPH)
Bottom of the 10th over - 0 runs, 0 hits, 0 errors, 1 left on base; Quebec City 3 - Memphis 2
Monday, April 1st , 2024 - OOTP Baseball 23.10 Build 110